 Dungeon Crawl Stone Soup version 0.15.1-1-gfacfea3 (webtiles) character file.

584705 1100001001 the Tortoise (level 26, -9/424 HPs)
             Began as a Troll Monk on Sept 24, 2014.
             Was a High Priest of Makhleb.
             Mangled by an Orb Guardian (14 damage)
             ... on Level 5 of the Realm of Zot on Sept 26, 2014.
             The game lasted 06:00:54 (74670 turns).

1100001001 the Tortoise (Troll Monk)               Turns: 74670, Time: 06:00:55

HP  -9/424       AC 37     Str 34      XL: 26   Next:  4%
MP  32/32        EV 19     Int 10      God: Makhleb [*****.]
Gold 6626        SH  2     Dex 17      Spells:  1 memorised, 24 levels left

rFire  + . .     SeeInvis .       - Unarmed
rCold  . . .     Rnd*Rage +     H - +6 pearl dragon armour
rNeg   + . .     rCorr    .     (shield restricted)
rPois  .         rRot     .     G - +1 hat "Ghohat" {Str+2 Stlth+}
rElec  +         Spirit   .     x - +2 cloak {MR+}
SustAb .         Warding  .     (gloves unavailable)
rMut   +         Rnd*Tele +     (boots unavailable)
Gourm  +                        s - amulet of resist mutation
MR     +++..                    C - ring of protection from fire
                                Y - ring of protection from magic

@: mighty, berserking, very quick, extremely resistant to hostile enchantments,
extremely unstealthy
A: unfitting armour, claws 3, large bone plates 1, slimy green scales 1, berserk
1, blink 1, blurry vision 2, clever 1, fast metabolism 3, gourmand, low mp 1,
regeneration 2, saprovore 2, shaggy fur 1, electricity resistance, teleportitis
2, tough skin 2, forlorn
a: Blink, Minor Destruction, Lesser Servant of Makhleb, Major Destruction,
Greater Servant of Makhleb, Renounce Religion
}: 3/15 runes: serpentine, barnacled, silver


You were on level 5 of the Realm of Zot.
You worshipped Makhleb.
Makhleb was extremely pleased with you.
You were very full.

You visited 8 branches of the dungeon, and saw 52 of its levels.
You also visited: Ice Cave and Wizlab.

You collected 8376 gold pieces.
You spent 1750 gold pieces at shops.


Innate Abilities, Weirdness & Mutations

You are too large for most types of armour.
You have claws for hands.
Your metabolism is lightning-fast.
You like to eat raw meat.
You heal very quickly.
You can eat rotten meat.
You are covered in fur (AC +1).
You have very tough skin (AC +2).
You are partially covered in large bone plates (AC +2, SH +2).
You are partially covered in slimy green scales (AC +2).
You tend to lose your temper in combat.
You can translocate small distances at will.
Your vision is quite blurry.
Your mind is acute. (Int +2)
Your magical capacity is low (-10% MP).
You are resistant to electric shocks.
Space sometimes distorts in your vicinity.
You have difficulty communicating with the divine.


   Skills:
 - Level 20.0 Fighting
 - Level 10.0 Throwing
 - Level 20.6 Armour
 + Level 16.5 Dodging
 - Level 1.1 Stealth
 - Level 20.0 Unarmed Combat
 - Level 15.1 Invocations


You had 24 spell levels left.
You knew the following spells:

 Your Spells              Type           Power        Failure   Level  Hunger
B - Summon Butterflies    Summ           #.......     38%         1    ##.....

Inventory:

Hand weapons
 b - the +1 blowgun of Xom's Generosity {speed, rElec Int+2}
   (You found it on level 4 of the Depths)

   Attacks with this weapon are significantly faster.
   It affects your intelligence (+2).
   It insulates you from electricity.
Missiles
 i - 6 throwing nets
 I - 122 large rocks (quivered)
 W - 5 curare-tipped needles
Armour
 x - a +2 cloak of magic resistance (worn)
 G - the +1 hat "Ghohat" (worn) {Str+2 Stlth+}
   (You bought it in a shop on level 1 of the Snake Pit)

   It affects your strength (+2).
   It makes you more stealthy.
 H - a +6 pearl dragon armour (worn)
Magical devices
 o - a wand of cold (2)
 u - a wand of digging (2)
 y - a wand of fire (5)
 E - a wand of heal wounds (1)
 J - a wand of draining (7)
 K - a wand of fire (6)
 Q - a wand of teleportation (3)
 U - a wand of disintegration (9)
 Z - a wand of heal wounds (2)
Comestibles
 c - a royal jelly
 r - 11 meat rations
Scrolls
 a - 7 scrolls of identify
 e - 12 scrolls of teleportation
 f - 15 scrolls of remove curse
 n - 10 scrolls of recharging
 p - 3 scrolls of blinking
 q - 4 scrolls of summoning
 w - a scroll of vulnerability
 R - 3 scrolls of holy word
 S - 7 scrolls of fog
 T - a scroll of magic mapping
Jewellery
 g - the ring of Exkan {+Fly Stlth+}
   (You took it off a pale draconian on level 3 of the Realm of Zot)

   [ring of flight]

   It lets you fly.
   It makes you more stealthy.
 s - an amulet of resist mutation (around neck)
 C - a ring of protection from fire (right claw)
 D - a +5 ring of protection
 L - the amulet of Obaamn {rCorr Str+4 Dex+3}
   (You took it off an orc warrior on level 5 of the Vaults)

   [amulet of resist corrosion]

   It protects you from acid and corrosion.
   It affects your strength (+4).
   It affects your dexterity (+3).
 M - an uncursed ring of protection from cold
 N - an uncursed ring of see invisible
 P - an uncursed amulet of stasis
 Y - a ring of protection from magic (left claw)
Potions
 h - 3 potions of invisibility
 j - 3 potions of haste
 l - 3 potions of resistance
 m - 8 potions of agility
 t - 2 potions of heal wounds
 v - a potion of cancellation
 z - 11 potions of curing
 A - 9 potions of cure mutation
 B - 4 potions of restore abilities
 F - 12 potions of brilliance
 V - a potion of flight
 X - a potion of might
Books
 O - a book of Spatial Translocations

   Spells                             Type                      Level
   Apportation                        Translocation                1
   Blink                              Translocation                2
   Shroud of Golubria                 Charms/Translocation         2
   Portal Projectile                  Translocation                3
   Teleport Other                     Translocation                3
   Passage of Golubria                Translocation                4

◦◦◦◦◦◦░░ ░░◦◦◦········· ◦◦◦◦◦◦◦░
░░░▓▓▓▓▓▓ ░◦◦◦··········
◦◦◦◦◦◦◦░░░◦······▓▓░◦!◦··········
◦◦◦◦◦◦◦░░◦········▓▓·············
◦◦◦◦◦◦◦░◦··········▓·············
◦◦◦◦◦◦◦◦◦····0·····22◦···········
◦◦◦◦◦◦◦░◦··········▓◦◦···)····^)^
◦◦◦◦◦◦◦░▓······XXX▓░◦◦◦··········
◦◦◦◦◦◦◦░░▓······T▓░░◦◦◦··········
◦◦◦◦◦◦◦░ ▓▓▓▓▓▓▓▓▓ ░◦◦········2··
◦◦◦◦◦◦░░ ░░◦··X····%··· ◦◦◦◦░░░
░░▓·······2·· ◦░░░░ ░▓▓▓·······
▓▓▓▓▓▒ ▒▓▓▓▓▓▓▒▓▓▓▒ ·^^··▒▒▒
▒▒▒··)·^······ ·▒▒····▒▒
▒▒····▒▒·······
◦◦▒▒▒···▒▒▒▒▒▒▒▒▒▒▒···▒▒▒········


You could see 3 Orb Guardians, a friendly green death and a friendly blizzard
demon.


Message History

* * * LOW HITPOINT WARNING * * *
You eviscerate the Orb Guardian!!!
The Orb Guardian is heavily wounded.
The Orb Guardian hits you but does no damage. x2
You mangle the Orb Guardian!!
The Orb Guardian is almost dead.
The Orb Guardian hits you.
* * * LOW HITPOINT WARNING * * *
The Orb Guardian completely misses you. You block the Orb Guardian's attack.
You mangle the Orb Guardian!!
You kill the Orb Guardian!
Makhleb accepts your kill.
The Orb Guardian hits you but does no damage.
The Orb Guardian hits you.
* * * LOW HITPOINT WARNING * * *
You scratch the Orb Guardian.
The Orb Guardian is lightly wounded.
The Orb Guardian completely misses you.
The Orb Guardian hits you but does no damage.
You eviscerate the Orb Guardian!!! You claw the Orb Guardian.
The Orb Guardian is severely wounded.
The Orb Guardian hits you!
* * * LOW HITPOINT WARNING * * *
The Orb Guardian hits you!
* * * LOW HITPOINT WARNING * * *
You eviscerate the Orb Guardian!!!
You kill the Orb Guardian!
Makhleb accepts your kill. The Orb Guardian hits you!
You die...

Action                   |  1- 3 |  4- 6 |  7- 9 | 10-12 | 13-15 | 16-18 | 19-21 | 22-24 | 25-27 || total
-------------------------+-------+-------+-------+-------+-------+-------+-------+-------+-------++-------
Melee: Unarmed           |    79 |    53 |   288 |   866 |  2056 |  1936 |  2376 |  1807 |   467 ||  9928
 Fire: Blowgun           |       |       |       |       |       |     6 |     2 |     1 |       ||     9
Throw: Large rock        |       |       |       |       |     4 |    59 |    59 |    25 |       ||   147
       Throwing net      |       |       |       |       |     1 |     6 |       |       |       ||     7
 Cast: Summon Butterflie |       |       |       |       |       |       |       |     1 |       ||     1
Invok: Major Destruction |       |       |     1 |       |       |       |     1 |       |       ||     2
       Greater Servant o |       |       |       |     1 |     8 |    12 |    22 |     6 |     5 ||    54
       Lesser Servant of |       |       |       |       |       |       |       |     1 |       ||     1
 Abil: Blink             |       |       |       |       |     3 |     2 |     1 |     2 |       ||     8
Evoke: Wand              |       |       |     4 |     9 |    17 |    19 |    19 |     3 |     1 ||    72
  Use: Scroll            |       |       |    15 |     7 |    22 |    20 |    23 |    13 |     3 ||   103
       Potion            |       |       |       |       |     5 |     9 |     8 |     5 |     3 ||    30
 Stab: Sleeping          |     1 |     1 |     4 |     2 |     5 |     4 |       |       |       ||    17
       Distracted        |       |       |       |       |     4 |       |     7 |     5 |     3 ||    19
       Held in net/web   |       |       |       |       |     1 |     5 |       |       |       ||     6
       Confused          |       |       |       |       |       |       |       |     1 |       ||     1
  Eat: Chunk             |    11 |     5 |    14 |    64 |   107 |    93 |    78 |    39 |    33 ||   444
       Fruit             |       |       |     6 |     7 |    13 |     5 |     6 |     5 |       ||    42
       Bread ration      |       |       |     2 |     2 |     2 |    14 |     3 |     2 |       ||    25
       Beef jerky        |       |       |       |     2 |     2 |     1 |     8 |     1 |       ||    14
       Pizza             |       |       |       |     1 |     4 |     3 |       |       |     1 ||     9
       Royal jelly       |       |       |       |     1 |       |     1 |     1 |     1 |       ||     4
       Meat ration       |       |       |       |       |       |       |     7 |     5 |     1 ||    13

Vault maps used:
D:1:      dpeg_arrival_stonehenge_8_columns
D:2:      nicolae_dithmenos_shadow_blocks
D:3:      lemuel_crystal_altar, uniq_grinder, uniq_sigmund
D:4:      fedhas_altar_2, demons_altar, first_bread, serial_shops, shop,
          uniq_crazy_yiuf_cottage, uniq_menkaure, uniq_prince_ribbit1
D:5:      old_standard_altar, minmay_misc_feat_five, nemelex_lonely_heart_becter
D:6:      minmay_temple_entry_fiery, serial_shops, shop, shop, shop_statue,
          nicolae_shop_behind_doors, shop, small_statue_intersection,
          uniq_pikel, uniq_natasha, uniq_edmund
D:7:      uniq_eustachio
D:8:      the_bakery, kennysheep_big_empty_room, uniq_grum
D:9:      old_standard_altar, serial_shops, shop
D:10:     david_lair_shrubbed, serial_shops, nicolae_shop_stone
D:11:     hangedman_decor_push
D:12:     zombieorc1_lemuel
D:13:     hangedman_vaults_entry_quadrant_bands, uniq_josephine
D:14:     serial_park_square3, eino_jars, uniq_frances
D:15:     grunt_enter_depths_magical_seal
Orc:1:    basic_altar
Orc:2:    basic_altar, uniq_snorg
Orc:3:    nicolae_orc_pool_cavern, uniq_erica
Orc:4:    serial_shops, nicolae_shop_statue_plus, st_orc_elflike, mines2_lemuel,
          uniq_harold
Lair:1:   worms_lemuel, grunt_megastairs_5
Lair:2:   beast_lair_carwin_11
Lair:3:   grunt_megastairs_2, uniq_rupert
Lair:4:   portal_ice_cave_entry_pillars_01
Lair:5:   kennysheep_rathole, minmay_lair_drake_nest
Lair:6:   shoals_dummy_entry, minmay_snake_entry_guardpost_medium,
          slime_altar_1, roderic_ravens_nest, serial_bayou_shore_a,
          infiniplex_staircase_pool
Lair:7:   serial_bayou_lagoon_a
Lair:8:   wormcave, lemuel_fruit_tree, uniq_maud
Shoals:1: lemuel_centaur_altar
Shoals:2: serial_shops, nicolae_shop_crystal,
          nicolae_shoals_stone_sculpture_thing, lightli_airlock
Shoals:5: shoals_end_hangedman, shoal_ilsuiw
Snake:1:  serial_shops, nicolae_shop_overgrown_old_shop, spider_trap
Snake:2:  spider_trap, basic_stair_grate_trap, uniq_nessos
Snake:4:  grunt_ministairs_11, corexii_hall_statues_s
Snake:5:  grunt_snake_rune_serpentine_throne
Vaults:1: v_misc_18, nicolae_vaults_circle_grid_a, v_misc_2,
          vaults_room_octagon, nicolae_vaults_little_squares_2,
          ontoclasm_vaults_chip, nicolae_vaults_statue_guard,
          nicolae_vaults_little_squares_1, nicolae_vaults_border_crossing,
          vaults_dpeg_encased_lava
Vaults:2: v_misc_4, ontoclasm_vaults_ligature, v_misc_25,
          ontoclasm_vaults_claustrophobia, ontoclasm_vaults_fault, st_cross,
          ontoclasm_vaults_chip, vaults_room_pools, nicolae_vaults_rhombus_7,
          minmay_crypt_entry_necro_gods, uniq_nikola
Vaults:3: v_alt_pattern_3, v_misc_29, nicolae_vaults_three_branches, v_misc_25,
          ontoclasm_vaults_bender, vaults_dpeg_diagonal,
          nicolae_vaults_little_squares_1, nicolae_vaults_rhombus_6,
          hangedman_vaults_nodes, nicolae_vaults_theta,
          nicolae_vaults_little_squares_4, serial_shops, shop
Vaults:4: vaults_mumra_bighexcomb, hangedman_vaults_slice,
          hangedman_vaults_variations, hangedman_vaults_slither, v_misc_18,
          v_misc_1, grunt_vaults_hallway_long, v_misc_30, vaults_dpeg_hooks
Depths:1: nicolae_two_hexagons, hell_entry, grunt_pan_entry_in_and_out,
          st_stairs_4, kennysheep_flooded_box, minmay_crystal_room, spider_trap,
          serial_bayou_pond_c, kennysheep_generic_room_10, firewood_loft,
          serial_bayou_shore_b
Depths:2: kennysheep_treasure_stockpile, enter_ziggurat_a, hell_entry,
          fountainhead, serial_shops, shop, shop_statue, evilmike_butchery,
          infiniplex_staircase_hallway_doors
Depths:3: minmay_spiral_squares, serial_column_ruins,
          column_ruins_portal_astroid, column_ruins_open_tiny,
          column_ruins_corridor_straight, column_ruins_corridor_straight,
          grunt_mini_vestibule, pan_entry, minmay_misc_feat_tiny,
          minmay_staircase_windowed_small, uniq_wiglaf
Depths:4: orc_temple, kennysheep_cluttered_room, abyss_entry,
          hangedman_coc_ice_floe, lightli_enter_wizlab_magi_temple, pan_entry
Depths:5: hangedman_slaughterboxes, pan_entry, hell_entry, uniq_xtahua
Zot:2:    grunt_megastairs_4
Zot:3:    grunt_zot_stairs_mandelzot, hangedman_zot_decor_unnerving_road
Zot:4:    grunt_zot_stairs_faceoff, grunt_megastairs_1
IceCv:    ice_cave_caverns_01
WizLab:   wizlab_cigotuvi

Notes
Turn   | Place    | Note
--------------------------------------------------------------
     0 | D:1      | 1100001001, the Troll Monk, began the quest for the Orb.
     0 | D:1      | Reached XP level 1. HP: 22/22 MP: 1/1
   249 | D:1      | Reached XP level 2. HP: 29/29 MP: 1/1
   566 | D:2      | Found a shadowy altar of Dithmenos.
   619 | D:2      | Reached skill level 5 in Unarmed Combat
   619 | D:2      | Reached XP level 3. HP: 33/36 MP: 2/2
   977 | D:3      | Found an ancient bone altar of Kikubaaqudgha.
   985 | D:3      | Reached XP level 4. HP: 44/44 MP: 2/2
  1123 | D:3      | Noticed letownia's ghost (average TeWz)
  1145 | D:3      | Killed letownia's ghost
  1145 | D:3      | Reached skill level 6 in Unarmed Combat
  1145 | D:3      | Reached XP level 5. HP: 29/50 MP: 2/2
  1312 | D:3      | Noticed Grinder
  1322 | D:3      | Killed Grinder
  1322 | D:3      | Reached skill level 8 in Unarmed Combat
  1322 | D:3      | Reached XP level 6. HP: 59/59 MP: 3/3
  1506 | D:3      | Noticed Sigmund
  1511 | D:3      | Killed Sigmund
  1671 | D:3      | Reached XP level 7. HP: 60/66 MP: 3/3
  2247 | D:4      | Reached skill level 9 in Unarmed Combat
  2259 | D:4      | Found Oraukh's Jewellery Emporium.
  2315 | D:4      | Found a burning altar of Makhleb.
  2355 | D:4      | Became a worshipper of Makhleb the Destroyer
  2355 | D:4      | Acquired Makhleb's first power
  2355 | D:4      | Acquired Makhleb's second power
  2446 | D:4      | Noticed Crazy Yiuf
  2454 | D:4      | Killed Crazy Yiuf
  2545 | D:4      | Noticed Menkaure
  2546 | D:4      | Noticed Prince Ribbit
  2551 | D:4      | Killed Prince Ribbit
  2551 | D:4      | Reached skill level 10 in Unarmed Combat
  2551 | D:4      | Reached XP level 8. HP: 61/74 MP: 3/3
  2557 | D:4      | Killed Menkaure
  2694 | D:4      | Found a blossoming altar of Fedhas.
  2771 | D:5      | Entered Level 5 of the Dungeon
  2873 | D:5      | Noticed WhatIsLove's ghost (experienced DgEE)
  2887 | D:5      | Killed WhatIsLove's ghost
  2887 | D:5      | Reached skill level 11 in Unarmed Combat
  3255 | D:5      | Found a basalt altar of Yredelemnul.
  3340 | D:5      | Found a sparkling altar of Nemelex Xobeh.
  3612 | D:6      | Found Jugeom's General Store.
  3616 | D:6      | Bought a scroll of identify for 24 gold pieces
  3628 | D:6      | Noticed Natasha
  3652 | D:6      | Killed Natasha
  3652 | D:6      | Reached skill level 12 in Unarmed Combat
  3664 | D:6      | Found Soaclok's Antique Weapon Shop.
  3676 | D:6      | Found Shriad's Antique Weapon Boutique.
  3677 | D:6      | Found Cesabace's Assorted Antiques.
  3684 | D:6      | Noticed Natasha
  3685 | D:6      | Killed Natasha
  3685 | D:6      | Acquired Makhleb's third power
  3697 | D:6      | Bought a potion of heal wounds for 51 gold pieces
  3697 | D:6      | Bought a thick soapstone amulet for 85 gold pieces
  3808 | D:6      | Reached skill level 3 in Fighting
  3808 | D:6      | Reached XP level 9. HP: 79/81 MP: 4/4
  3848 | D:6      | Found Moif's Gadget Shoppe.
  3866 | D:6      | Noticed Natasha
  3872 | D:6      | Killed Natasha
  3955 | D:6      | Noticed Pikel
  3965 | D:6      | Killed Pikel
  3965 | D:6      | Reached skill level 4 in Fighting
  4048 | D:6      | Found a staircase to the Ecumenical Temple.
  4154 | D:6      | Reached skill level 5 in Fighting
  4437 | D:6      | Noticed Edmund
  4447 | D:6      | Killed Edmund
  4640 | D:7      | Reached skill level 6 in Fighting
  4646 | D:7      | Acquired Makhleb's fourth power
  4877 | D:7      | Reached skill level 7 in Fighting
  5190 | D:7      | Noticed Eustachio
  5200 | D:7      | Killed Eustachio
  5200 | D:7      | Reached XP level 10. HP: 102/104 MP: 4/4
  5512 | D:8      | Acquired Makhleb's fifth power
  5595 | D:8      | Noticed Grum
  5595 | D:8      | Got a distressingly furry robe
  5609 | D:8      | Reached skill level 8 in Fighting
  5614 | D:8      | Killed Grum
  6107 | D:8      | Reached skill level 9 in Fighting
  6350 | D:8      | Identified the +1 robe "Wuxisoni" {rF+ Str+1} (You found it on level 8 of the Dungeon)
  6853 | D:9      | Found a sparkling altar of Nemelex Xobeh.
  6893 | D:9      | Reached skill level 10 in Fighting
  7024 | D:9      | Found Twyi's Magic Scroll Shoppe.
  7030 | D:9      | Bought a scroll of blinking for 112 gold pieces
  7030 | D:9      | Bought a scroll of teleportation for 45 gold pieces
  7030 | D:9      | Bought a scroll of summoning for 142 gold pieces
  7090 | D:9      | Reached skill level 3 in Dodging
  7106 | D:9      | Reached skill level 4 in Dodging
  7622 | D:10     | Entered Level 10 of the Dungeon
  7784 | D:10     | Reached XP level 11. HP: 117/117 MP: 4/4
  7817 | D:9      | Reached skill level 5 in Dodging
  7961 | D:10     | Found Quihaeh's Food Shoppe.
  7968 | D:10     | Bought a meat ration for 55 gold pieces
  7968 | D:10     | Bought a bread ration for 55 gold pieces
  7987 | D:10     | Reached skill level 1 in Invocations
  8028 | D:10     | Noticed a hill giant
  8046 | D:10     | Killed a hill giant
  8046 | D:10     | Reached skill level 2 in Invocations
  8097 | D:10     | Reached skill level 3 in Invocations
  8353 | D:10     | Found a staircase to the Lair.
  8382 | Lair:1   | Entered Level 1 of the Lair of Beasts
  8462 | Lair:1   | Reached skill level 4 in Invocations
  8585 | Lair:1   | Noticed eustach's ghost (experienced DsCK)
  8590 | Lair:1   | Killed eustach's ghost
  8590 | Lair:1   | Reached skill level 5 in Invocations
  9033 | Lair:1   | Reached skill level 6 in Invocations
  9532 | Lair:1   | Reached skill level 7 in Invocations
 10145 | Lair:2   | Reached skill level 8 in Invocations
 10587 | Lair:2   | Identified the Incunabulum of Earthen Black Rituals
 10927 | Lair:2   | Reached skill level 9 in Invocations
 10935 | Lair:2   | Reached XP level 12. HP: 114/126 MP: 21/21
 11323 | Lair:2   | Reached skill level 10 in Invocations
 11935 | Lair:3   | Reached skill level 6 in Dodging
 12209 | Lair:3   | Noticed Rupert
 12221 | Lair:3   | Killed Rupert
 12221 | Lair:3   | Reached skill level 7 in Dodging
 12944 | Lair:4   | Reached skill level 8 in Dodging
 13338 | Lair:4   | Found a frozen archway.
 13355 | IceCv    | Entered an ice cave
 13398 | IceCv    | Reached skill level 9 in Dodging
 13560 | IceCv    | Reached XP level 13. HP: 133/133 MP: 23/23
 13680 | IceCv    | Reached skill level 10 in Dodging
 13843 | IceCv    | Gained mutation: You are partially covered in slimy green scales (AC +2). [potion of beneficial mutation]
 13844 | IceCv    | Gained mutation: You are resistant to electric shocks. [potion of beneficial mutation]
 13974 | IceCv    | Noticed a frost giant
 14154 | IceCv    | Reached skill level 11 in Fighting
 14265 | IceCv    | Killed a frost giant
 14367 | Lair:4   | Noticed a five-headed hydra
 14373 | Lair:4   | Killed a five-headed hydra
 15000 | Lair:5   | Reached skill level 12 in Fighting
 16244 | Lair:6   | Found a viscous altar of Jiyva.
 16363 | Lair:6   | Found a staircase to the Slime Pits.
 16447 | Lair:6   | Reached XP level 14. HP: 105/150 MP: 24/24
 16612 | Lair:6   | Reached skill level 13 in Fighting
 16673 | Lair:6   | Found a staircase to the Snake Pit.
 16776 | Lair:6   | Found a staircase to the Shoals.
 17750 | Lair:7   | Identified a scroll of acquirement
 17751 | Lair:7   | Got a heavily runed cloak
 17783 | Lair:7   | Identified the +0 cloak "Twaim" {+Inv rC+ SInv Stlth+} (You acquired it on level 7 of the Lair of Beasts)
 18486 | Lair:8   | Entered Level 8 of the Lair of Beasts
 18894 | Lair:8   | Reached skill level 13 in Unarmed Combat
 18905 | Lair:8   | Noticed a cacodemon
 19480 | Lair:8   | Noticed Maud
 19490 | Lair:8   | Killed Maud
 20024 | Lair:8   | Reached skill level 14 in Unarmed Combat
 21307 | D:12     | Found a staircase to the Orcish Mines.
 21576 | D:12     | Reached skill level 15 in Unarmed Combat
 22130 | Orc:1    | Entered Level 1 of the Orcish Mines
 22130 | Orc:1    | Found a radiant altar of Vehumet.
 22241 | Orc:2    | Noticed Snorg
 22253 | Orc:2    | Killed Snorg
 22391 | Orc:2    | Found a roughly hewn altar of Beogh.
 22693 | Orc:3    | Reached XP level 15. HP: 161/161 MP: 25/25
 23110 | Orc:3    | Noticed Erica
 23138 | Orc:3    | Killed Erica
 23265 | Orc:3    | You fall through a shaft!
 23265 | Orc:4    | Entered Level 4 of the Orcish Mines
 23429 | Orc:4    | Noticed Harold
 23465 | Orc:4    | Killed Harold
 23490 | Orc:4    | Found a staircase to the Elven Halls.
 23505 | Orc:4    | Found Xaothras' Weapon Boutique.
 23972 | Orc:4    | Reached skill level 14 in Fighting
 24042 | Orc:4    | Found Waipui's Antique Weapon Shoppe.
 24042 | Orc:4    | Found Atuogol's Magic Scroll Shoppe.
 24044 | Orc:4    | Found Stretyki's Armour Boutique.
 24057 | Orc:4    | Found Nileisib's Assorted Antiques.
 24104 | Orc:4    | Bought a scroll of blinking for 135 gold pieces
 24104 | Orc:4    | Bought a scroll of enchant weapon for 135 gold pieces
 24104 | Orc:4    | Bought a scroll of identify for 36 gold pieces
 24104 | Orc:4    | Bought a scroll of identify for 36 gold pieces
 24105 | Orc:4    | Bought a scroll of enchant armour for 135 gold pieces
 24108 | Orc:4    | Bought a scroll labeled VIPAOLYNUM for 29 gold pieces
 24111 | Orc:4    | Identified a -3 rod of the swarm (14/14) (You found it on level 12 of the Dungeon)
 24739 | D:13     | Noticed Josephine
 24752 | D:13     | Killed Josephine
 25607 | D:13     | Found a gate to the Vaults.
 26063 | D:14     | Noticed Frances
 26097 | D:14     | Killed Frances
 26097 | D:14     | Reached skill level 15 in Fighting
 26276 | D:14     | Gained mutation: You can translocate small distances at will. [potion of beneficial mutation]
 26747 | D:15     | Entered Level 15 of the Dungeon
 27131 | D:15     | Reached skill level 11 in Invocations
 27503 | D:15     | Paralysed by a wizard for 5 turns
 27602 | D:15     | Found a staircase to the Depths.
 28108 | Shoals:1 | Entered Level 1 of the Shoals
 28198 | Shoals:1 | Got a brightly glowing hat
 28204 | Shoals:1 | Identified the -5 hat "Puruur" {rN+ Int-4 Stlth++} (You acquired it on level 1 of the Shoals)
 28256 | Shoals:1 | Noticed a kraken
 28433 | Shoals:1 | Found a shimmering altar of Xom.
 28552 | Shoals:2 | Found Kegies' Armour Shop.
 28714 | Shoals:2 | Reached skill level 12 in Invocations
 28878 | Shoals:2 | Reached XP level 16. HP: 164/176 MP: 28/28
 29737 | Shoals:2 | Reached skill level 13 in Invocations
 30873 | Shoals:2 | Reached skill level 14 in Invocations
 32410 | Shoals:5 | Entered Level 5 of the Shoals
 33077 | Shoals:5 | Reached skill level 15 in Invocations
 33210 | Shoals:5 | Reached skill level 1 in Throwing
 33246 | Shoals:5 | Noticed Ilsuiw
 33462 | Shoals:5 | Reached skill level 2 in Throwing
 33851 | Shoals:5 | Killed Ilsuiw
 33851 | Shoals:5 | Reached skill level 3 in Throwing
 34170 | Shoals:5 | Reached skill level 4 in Throwing
 34334 | Shoals:5 | Reached XP level 17. HP: 87/184 MP: 31/31
 34358 | Shoals:5 | Reached skill level 5 in Throwing
 34402 | Shoals:5 | Got a barnacled rune of Zot
 34749 | Shoals:1 | Reached skill level 6 in Throwing
 34787 | Snake:1  | Entered Level 1 of the Snake Pit
 34866 | Snake:1  | Found Cliniat's Assorted Antiques.
 34881 | Snake:1  | Bought a faintly glowing hat for 243 gold pieces
 34887 | Snake:1  | Identified the +1 hat "Ghohat" {Str+2 Stlth+} (You bought it in a shop on level 1 of the Snake Pit)
 34887 | Snake:1  | Bought a scroll of magic mapping for 94 gold pieces
 35630 | Snake:2  | Noticed Nessos
 35632 | Snake:2  | Noticed Nessos
 35632 | Snake:2  | Nessos changed into Nessos the draconian
 35633 | Snake:2  | Nessos the draconian changed into Nessos the elf
 35707 | Snake:2  | Reached skill level 7 in Throwing
 36888 | Snake:3  | Reached skill level 8 in Throwing
 38232 | Snake:3  | Reached skill level 9 in Throwing
 38839 | Snake:4  | HP: 17/184 [poisoned by a greater naga (bolt of poison)]
 39504 | Snake:3  | Reached skill level 10 in Throwing
 41269 | Vaults:1 | Entered Level 1 of the Vaults
 41396 | Vaults:1 | Got a fine cloak
 41407 | Vaults:1 | Identified the +1 cloak of Foaluni {rElec Dex+3} (You found it on level 1 of the Vaults)
 41472 | Vaults:1 | Reached skill level 11 in Dodging
 42764 | Vaults:1 | Reached XP level 18. HP: 177/193 MP: 32/32
 43028 | Vaults:1 | Reached skill level 12 in Dodging
 43552 | Vaults:2 | Found a staircase to the Crypt.
 43552 | Vaults:2 | Found an ancient bone altar of Kikubaaqudgha.
 43553 | Vaults:2 | Found a basalt altar of Yredelemnul.
 43829 | Vaults:2 | Reached skill level 1 in Armour
 43874 | Vaults:2 | Reached skill level 2 in Armour
 43926 | Vaults:2 | Noticed Nikola
 43940 | Vaults:2 | Killed Nikola
 44006 | Vaults:2 | Reached skill level 3 in Armour
 44604 | Vaults:2 | Reached skill level 4 in Armour
 44970 | Vaults:2 | Reached skill level 5 in Armour
 45228 | Vaults:3 | Reached skill level 6 in Armour
 45941 | Vaults:3 | Found Beiduoh's Magic Scroll Shop.
 45954 | Vaults:3 | Reached skill level 7 in Armour
 45970 | Vaults:3 | Bought a scroll of recharging for 161 gold pieces
 45970 | Vaults:3 | Bought a scroll of recharging for 161 gold pieces
 46326 | Vaults:3 | Reached skill level 8 in Armour
 46883 | Vaults:3 | Reached skill level 9 in Armour
 46924 | Vaults:3 | Paralysed by a red wasp for 4 turns
 47183 | Vaults:4 | Reached XP level 19. HP: 198/201 MP: 16/32
 47954 | Vaults:4 | Reached skill level 10 in Armour
 49303 | Vaults:1 | Reached skill level 11 in Armour
 49552 | Depths:1 | Entered Level 1 of the Depths
 49798 | Depths:1 | Found a gateway to Hell.
 50211 | Depths:1 | the gateway to Hell was a mimic.
 50265 | Depths:1 | Found a glowing silver altar of Zin.
 50497 | Depths:1 | Found a one-way gate leading to the halls of Pandemonium.
 50909 | Depths:2 | Found Graemoomn's Food Boutique.
 50925 | Depths:2 | Found a gateway to a ziggurat.
 50942 | Depths:2 | Reached skill level 12 in Armour
 50944 | Depths:2 | Noticed ztt's ghost (mighty TrMo)
 51014 | Depths:2 | Killed ztt's ghost
 51376 | Depths:2 | Found Mnitt's General Store.
 51380 | Depths:2 | Bought 2 large rocks for 16 gold pieces
 51503 | Depths:2 | Found a gateway to Hell.
 51988 | Depths:2 | Reached skill level 13 in Armour
 52440 | Depths:2 | Reached XP level 20. HP: 210/210 MP: 33/33
 53067 | Depths:1 | Reached skill level 14 in Armour
 53785 | Depths:3 | Noticed Wiglaf
 53799 | Depths:3 | Killed Wiglaf
 53866 | Depths:3 | Identified a +4 rod of ignition (13/13) (You took it off a minotaur on level 3 of the Depths)
 53895 | Depths:3 | Found a one-way gate to the infinite horrors of the Abyss.
 54077 | Depths:3 | Reached skill level 15 in Armour
 55224 | Depths:3 | Reached skill level 16 in Armour
 55407 | Depths:3 | Noticed a golden dragon
 55419 | Depths:3 | Killed a golden dragon
 55668 | Depths:3 | Identified the Papyrus of Excruciating Poison
 55740 | Depths:3 | Lost intelligence.
 55810 | Depths:3 | Lost intelligence.
 55825 | Depths:3 | HP: 16/210 [dire elephant[a giant orange brain] (10)]
 55966 | Depths:3 | Reached skill level 17 in Armour
 55966 | Depths:3 | Reached XP level 21. HP: 218/218 MP: 33/33
 56869 | Snake:5  | Entered Level 5 of the Snake Pit
 57469 | Snake:5  | Reached skill level 18 in Armour
 57983 | Snake:5  | Reached skill level 19 in Armour
 58071 | Snake:5  | Got a serpentine rune of Zot
 59398 | Depths:4 | Found a magical portal.
 59432 | WizLab   | Entered Cigotuvi's Fleshworks
 59697 | WizLab   | Identified Sif Muna's Catalogue of Shape Shifting and Clay
 59699 | WizLab   | Identified Niotruoto's Collected Works on Shape Shifting
 59701 | WizLab   | Identified Cigotuvi's Compendium of Transmutation and Stones
 60047 | WizLab   | Paralysed by a giant eyeball for 2 turns
 60052 | WizLab   | Paralysed by a giant eyeball for 3 turns
 60058 | WizLab   | Paralysed by a giant eyeball for 3 turns
 60065 | WizLab   | Paralysed by a giant eyeball for 3 turns
 60391 | WizLab   | Gained mutation: You are robust (+10% HP). [potion of beneficial mutation]
 60392 | WizLab   | Gained mutation: You are partially covered in large bone plates (AC +2, SH +2). [potion of beneficial mutation]
 60998 | Depths:4 | Got a jewelled blowgun
 60999 | Depths:4 | Identified the cursed +1 blowgun of Xom's Generosity {speed, rElec Int+2} (You found it on level 4 of the Depths)
 61013 | Depths:4 | Reached skill level 20 in Armour
 61176 | Depths:4 | Found a roughly hewn altar of Beogh.
 61818 | Depths:5 | Entered Level 5 of the Depths
 61917 | Depths:5 | Reached XP level 22. HP: 249/249 MP: 34/34
 62106 | Depths:5 | Found an ancient bone altar of Kikubaaqudgha.
 62107 | Depths:5 | Found a glowing golden altar of the Shining One.
 62108 | Depths:5 | Found a snail-covered altar of Cheibriados.
 62511 | Depths:5 | Noticed Xtahua
 62532 | Depths:5 | Killed Xtahua
 62732 | Depths:5 | Found a gate to the Realm of Zot.
 63531 | Depths:5 | Reached skill level 16 in Unarmed Combat
 64106 | Depths:5 | Reached skill level 17 in Unarmed Combat
 64838 | Depths:5 | Reached skill level 18 in Unarmed Combat
 65027 | Depths:5 | Reached XP level 23. HP: 258/258 MP: 34/34
 65190 | Depths:5 | Learned a level 1 spell: Summon Butterflies
 65844 | Vaults:5 | Entered Level 5 of the Vaults
 65862 | Vaults:5 | Reached skill level 19 in Unarmed Combat
 66099 | Vaults:5 | Got a silver rune of Zot
 66179 | Vaults:5 | Noticed an ancient lich
 66187 | Vaults:5 | Killed an ancient lich
 66293 | Vaults:5 | Reached skill level 20 in Unarmed Combat
 66784 | Vaults:5 | Reached skill level 16 in Fighting
 67456 | Vaults:5 | Reached XP level 24. HP: 275/275 MP: 35/35
 67494 | Vaults:5 | Reached skill level 17 in Fighting
 68200 | Vaults:5 | Got a wavering pewter amulet
 68201 | Vaults:5 | Identified the amulet of Obaamn {rCorr Str+4 Dex+3} (You took it off an orc warrior on level 5 of the Vaults)
 68847 | Zot:1    | Entered Level 1 of the Realm of Zot
 69141 | Zot:1    | Noticed an orb of fire
 69373 | Zot:1    | Killed an orb of fire
 69568 | Zot:1    | Reached skill level 18 in Fighting
 70066 | Zot:1    | Gained mutation: Your mind is acute. (Int +2) [potion of beneficial mutation]
 70869 | Zot:3    | Reached skill level 19 in Fighting
 71441 | Zot:3    | Got a flickering amber ring
 71442 | Zot:3    | Identified the ring of Exkan {+Fly Stlth+} (You took it off a pale draconian on level 3 of the Realm of Zot)
 71478 | Zot:3    | Noticed an orb of fire
 71478 | Zot:3    | Gained mutation: You tend to lose your temper in combat. [an orb of fire]
 71478 | Zot:3    | Gained mutation: Your magical capacity is low (-10% MP). [an orb of fire]
 71480 | Zot:3    | Gained mutation: Space occasionally distorts in your vicinity. [an orb of fire]
 71480 | Zot:3    | Gained mutation: Your vision is a little blurry. [an orb of fire]
 71494 | Zot:3    | Killed an orb of fire
 71510 | Zot:3    | Reached XP level 25. HP: 243/300 MP: 11/32
 71977 | Zot:4    | Reached skill level 20 in Fighting
 72376 | Zot:4    | Reached skill level 13 in Dodging
 72985 | Zot:4    | Reached skill level 14 in Dodging
 73270 | Zot:5    | Entered Level 5 of the Realm of Zot
 74035 | Zot:5    | Reached skill level 15 in Dodging
 74064 | Zot:5    | Noticed an orb of fire
 74065 | Zot:5    | Gained mutation: Space sometimes distorts in your vicinity. [an orb of fire]
 74065 | Zot:5    | Gained mutation: Your vision is quite blurry. [an orb of fire]
 74102 | Zot:5    | Killed an orb of fire
 74207 | Zot:5    | Noticed an ancient lich
 74231 | Zot:5    | Killed an ancient lich
 74339 | Zot:5    | Noticed an ancient lich
 74370 | Zot:5    | Killed an ancient lich
 74370 | Zot:5    | Reached skill level 16 in Dodging
 74569 | Zot:5    | Noticed an orb of fire
 74569 | Zot:5    | Lost mutation: You are robust (+10% HP). [an orb of fire]
 74571 | Zot:5    | Gained mutation: You have difficulty communicating with the divine. [an orb of fire]
 74591 | Zot:5    | Killed an orb of fire
 74662 | Zot:5    | Reached XP level 26. HP: 77/283 MP: 32/32
 74664 | Zot:5    | HP: 31/424 [Orb Guardian (24)]
 74669 | Zot:5    | HP: 11/424 [Orb Guardian (16)]
 74669 | Zot:5    | HP: 4/424 [Orb Guardian (7)]
 74670 | Zot:5    | Mangled by an Orb Guardian

Vanquished Creatures
  3 orbs of fire
  3 ancient liches
  2 curse toes
  4 Killer Klowns
  The ghost of ztt the Wrestler, a mighty TrMo of Okawaru (Depths:2)
  8 golden dragons
  Xtahua (Depths:5)
  2 electric golems
  Nikola (Vaults:2)
  17 tentacled monstrosities
  4 liches
  14 Orb Guardians (Zot:5)
  16 storm dragons
  7 titans
  2 krakens
  Rupert (Lair:3)
  4 sphinxes
  7 tengu reavers
  11 shadow dragons
  2 draconian monks (Zot:1)
  14 vault wardens
  2 ghost moths
  9 fire giants
  Maud (Lair:8)
  A draconian scorcher (Zot:5)
  A cacodemon (Zot:5)
  An iron dragon (Vaults:5)
  2 deep elf sorcerers
  A greater naga (Snake:5)
  13 frost giants
  5 draconian knights
  An orc warlord (Depths:4)
  2 draconian zealots
  5 emperor scorpions
  3 war gargoyles (Vaults:5)
  A reaper (Depths:4)
  22 stone giants
  2 draconian annihilators
  3 spriggan defenders (Depths:5)
  3 draconian shifters
  3 deep elf demonologists
  2 draconian callers (Zot:1)
  20 very ugly things
  2 grey draconians (Zot:5)
  2 vampire knights (Depths:5)
  3 green draconians
  7 white draconians
  3 deep elf annihilators
  9 yellow draconians
  6 pale draconians
  8 purple draconians
  4 dire elephants
  4 black draconians
  6 red draconians
  3 mottled draconians
  A blizzard demon (Depths:2)
  Snorg (Orc:2)
  3 deep elf death magi (Vaults:5)
  4 merfolk impalers
  15 ettins
  30 vault guards
  11 great orbs of eyes
  3 merfolk javelineers
  13 fire dragons
  Josephine (D:13)
  2 minotaurs (Depths:3)
  22 yaktaur captains
  10 ironheart preservers
  17 ice dragons
  3 deep elf high priests
  A death cob (Zot:1)
  Harold (Orc:4)
  4 rakshasas (Depths:3)
  10 naga warriors
  10 anacondas
  A ravenous feature mimic (Depths:1)
  6 centaur warriors
  7 spriggan air magi
  2 satyrs
  An alligator snapping turtle (Shoals:3)
  Erica (Orc:3)
  4 merfolk aquamancers
  9 deep troll earth magi
  4 sirens
  7 death yaks
  13 ogre magi
  11 deep troll shamans
  A vampire mage (Depths:5)
  An orc high priest (Depths:4)
  2 tengu warriors
  The ghost of eustach the Ducker, an experienced DsCK of Xom (Lair:1)
  12 naga sharpshooters
  5 spriggan berserkers
  4 soul eaters
  2 shock serpents (shapeshifter)
  4 deep elf knights
  An iron golem (WizLab)
  7 hell knights
  8 shock serpents
  A catoblepas (Lair:4)
  A sun demon (Vaults:5)
  A fire crab (shapeshifter) (Depths:5)
  8 large abominations
  4 salamander mystics
  9 giant orange brains
  A storm dragon skeleton (Vaults:5)
  16 sea snakes
  A deep troll (shapeshifter) (Depths:4)
  A skeletal warrior (D:13)
  An iron troll (Depths:5)
  2 ice devils
  An unseen horror (D:12)
  2 fire crabs (Vaults:3)
  2 naga ritualists
  14 hill giants
  5 wizards
  5 deep elf summoners
  26 deep trolls
  A flayed ghost (Depths:2)
  A giant orange brain (shapeshifter) (Depths:5)
  An ice statue (IceCv)
  20 ironbrand convokers
  11 orc knights
  Pikel (D:6)
  An orb spider (shapeshifter) (WizLab)
  A harpy (shapeshifter) (Depths:2)
  4 deep elf conjurers
  3 necromancers
  26 harpies
  2 red wasps
  A sixfirhy (Vaults:4)
  6 mana vipers
  A hellion (Depths:1)
  8 cyclopes
  A faun (Shoals:2)
  4 orc sorcerers
  A stone giant zombie (Vaults:5)
  2 phantasmal warriors (Vaults:5)
  3 salamanders (shapeshifter)
  18 moths of wrath
  54 ugly things
  12 manticores
  A draconian (shapeshifter) (Vaults:5)
  15 elephants
  3 wolf spiders
  7 salamanders
  A water nymph (shapeshifter) (WizLab)
  16 vault sentinels
  6 guardian serpents (Snake:5)
  10 griffons
  2 water nymphs
  An octopode (shapeshifter) (Vaults:1)
  A drowned soul (Shoals:4)
  A black mamba (shapeshifter) (WizLab)
  24 black mambas
  A gargoyle (D:13)
  10 mermaids
  A mermaid (shapeshifter) (Vaults:5)
  17 naga magi
  6 torpor snails
  The ghost of WhatIsLove the Magician, an experienced DgEE (D:5)
  An orange demon (Vaults:5)
  A centaur zombie (D:11)
  A smoke demon (Depths:1)
  12 spiny frogs
  56 yaktaurs
  An efreet (D:15)
  16 fire drakes
  A yaktaur zombie (Depths:5)
  3 kobold demonologists
  An iron devil (Depths:3)
  A hell beast (Depths:3)
  A komodo dragon (shapeshifter) (Depths:3)
  An elf (Snake:2)
  2 tengu conjurers
  2 yaktaurs (shapeshifter)
  5 deep elf priests
  8 trolls
  2 elves (shapeshifter)
  A jumping spider (Vaults:5)
  Grinder (D:3)
  8 komodo dragons
  8 freezing wraiths
  23 blink frogs
  A queen bee (shapeshifter) (Vaults:1)
  3 red devils
  A blue devil (Depths:1)
  A jumping spider (shapeshifter) (Vaults:5)
  16 polar bears
  A wind drake (Shoals:2)
  4 snapping turtles
  A troll (shapeshifter) (Vaults:5)
  23 merfolk
  2 giant leeches (Lair:8)
  Prince Ribbit (D:4)
  2 baby alligators (shapeshifter)
  2 raiju (shapeshifter)
  A frost giant simulacrum (Vaults:1)
  2 ravens (shapeshifter) (WizLab)
  21 slime creatures
  17 two-headed ogres
  3 ravens
  4 spriggans
  A basilisk (D:15)
  5 air elementals
  5 tarantellas
  A shadow (D:12)
  3 boulder beetles
  2 redbacks (shapeshifter) (WizLab)
  2 ettin skeletons (Vaults:5)
  A griffon skeleton (D:13)
  3 wyverns
  A vampire (Depths:2)
  6 flying skulls (Depths:3)
  7 redbacks
  22 water elementals
  7 deep elf magi
  A ynoxinul (D:13)
  3 hill giant zombies
  4 hungry ghosts
  3 wraiths
  71 yaks
  Eustachio (D:7)
  A neqoxec (Depths:1)
  A wyvern (shapeshifter) (Vaults:5)
  A hog (shapeshifter) (Depths:3)
  Grum (D:8)
  6 deep elf fighters
  2 wolves (shapeshifter)
  A hippogriff (shapeshifter) (Vaults:3)
  A human zombie (Depths:5)
  18 vampire mosquitoes
  43 wolves
  A soldier ant (D:9)
  Edmund (D:6)
  Menkaure (D:4)
  16 hippogriffs
  7 small abominations
  8 wargs
  10 swamp worms (Lair:1)
  44 nagas
  A naga (shapeshifter) (WizLab)
  14 porcupines
  The ghost of letownia the Ruinous, an average TeWz (D:3)
  A hell hound (Depths:1)
  23 water moccasins
  4 ice beasts
  A mottled dragon (Vaults:1)
  32 orc warriors
  2 ogre skeletons
  4 slaves (D:6)
  A soldier ant (shapeshifter) (WizLab)
  52 ogres
  4 sky beasts
  8 spiders (Depths:1)
  A manticore zombie (D:13)
  5 yellow wasps
  2 boggarts
  A human skeleton (Vaults:1)
  A tengu (shapeshifter) (WizLab)
  3 boring beetles
  15 crocodiles
  20 centaurs
  Sigmund (D:3)
  25 giant frogs
  2 brain worms
  3 big kobolds (D:13)
  2 tengu simulacra
  A brain worm (shapeshifter) (WizLab)
  A wyvern skeleton (D:13)
  2 troll zombies (D:12)
  3 eyes of draining
  A warg zombie (Vaults:4)
  A cyclops skeleton (D:13)
  3 eyes of draining (shapeshifter)
  A hippogriff zombie (D:11)
  An elf simulacrum (Vaults:3)
  7 scorpions
  A tengu zombie (D:14)
  A troll skeleton (D:7)
  14 wights
  21 killer bees
  2 yak skeletons
  12 crimson imps
  A giant frog zombie (D:8)
  14 hounds
  A human simulacrum (Vaults:1)
  2 elf zombies (D:13)
  2 jellies
  Crazy Yiuf (D:4)
  36 orc priests
  A giant frog skeleton (D:13)
  6 iron imps
  A kobold skeleton (D:14)
  2 elf skeletons
  A quasit (Depths:1)
  7 iguanas
  A shapeshifter simulacrum (D:13)
  Natasha (thrice) (D:6)
  41 orc wizards
  10 orange rats
  4 worker ants
  4 ogre zombies (D:12)
  15 sheep
  A sky beast zombie (D:6)
  A mummy (D:10)
  22 adders
  4 gnolls (D:9)
  58 green rats
  4 shadow imps
  A white imp (D:13)
  A giant mite (D:2)
  23 worms
  4 ufetubi
  An iguana zombie (D:9)
  3 giant eyeballs (WizLab)
  7 giant geckos
  139 orcs
  A bat skeleton (D:7)
  A bat zombie (D:7)
  7 giant cockroaches
  11 hobgoblins
  4 jackals (D:2)
  16 bats
  3 giant newts (D:1)
  A giant spore (D:13)
  13 goblins
  2 goblin skeletons (D:12)
  A hobgoblin skeleton (D:12)
  22 kobolds
  4 orc skeletons
  21 orc zombies
  14 quokkas
  12 rats
  A rat skeleton (D:4)
  3 ballistomycetes (D:13)
  2 crawling corpses (Vaults:5)
  3 fungi
  11 plants
  4 tentacles (Shoals:4)
2422 creatures vanquished.

Vanquished Creatures (collateral kills)
  An orb of fire (Zot:5)
  A tentacled monstrosity (WizLab)
  A golden dragon (Zot:5)
  Frances (D:14)
  7 greater nagas
  Ilsuiw (Shoals:5)
  Wiglaf (Depths:3)
  3 vault wardens
  An orc warlord (Orc:4)
  A frost giant (IceCv)
  A stone giant (Depths:5)
  A war gargoyle (Vaults:5)
  A mottled draconian (Zot:5)
  A red draconian (Zot:3)
  A dire elephant (Depths:2)
  An ettin (Vaults:5)
  A merfolk javelineer (Shoals:5)
  2 ironheart preservers (Vaults:1)
  3 merfolk impalers (Shoals:5)
  4 vault guards
  2 hydras
  4 naga warriors (Snake:5)
  A spriggan air mage (Depths:2)
  A siren (Shoals:5)
  6 anacondas (Snake:5)
  3 merfolk aquamancers (Shoals:5)
  A shock serpent (Snake:5)
  A soul eater (Orc:4)
  2 naga sharpshooters (Snake:5)
  3 orc high priests (Orc:4)
  A fire crab (shapeshifter) (WizLab)
  A deep elf knight (Vaults:4)
  2 sea snakes (Shoals:5)
  An orb spider (shapeshifter) (WizLab)
  A giant orange brain (Depths:5)
  2 naga ritualists (Snake:5)
  A mana viper (Snake:5)
  2 deep elf conjurers (Vaults:5)
  4 orc knights (Orc:4)
  A lindwurm (Lair:8)
  A red wasp (shapeshifter) (WizLab)
  3 orc sorcerers (Orc:4)
  3 salamanders (Snake:5)
  A wolf spider (shapeshifter) (WizLab)
  A manticore (Shoals:5)
  A black mamba (shapeshifter) (WizLab)
  A moth of wrath (Zot:3)
  3 ugly things (Depths:3)
  An orange demon (Orc:4)
  2 black mambas
  2 yaktaurs (shapeshifter)
  7 guardian serpents (Snake:5)
  5 naga magi (Snake:5)
  5 yaktaurs
  A red devil (Orc:4)
  A hellwing (D:14)
  A fire drake (Lair:8)
  A troll (shapeshifter) (WizLab)
  A merfolk (Shoals:5)
  A two-headed ogre (Vaults:1)
  A polar bear (IceCv)
  A queen bee (shapeshifter) (WizLab)
  A giant leech (Lair:8)
  A raven (shapeshifter) (WizLab)
  A snapping turtle (Shoals:5)
  A tarantella (Vaults:5)
  2 yaks (Lair:4)
  A tarantella (shapeshifter) (WizLab)
  A spriggan (shapeshifter) (WizLab)
  A vampire (Depths:2)
  A hog (shapeshifter) (WizLab)
  A golden eye (shapeshifter) (WizLab)
  11 nagas (Snake:5)
  A deep elf fighter (Vaults:4)
  A warg (Orc:4)
  2 ogres (Vaults:1)
  A black bear (Lair:4)
  8 orc warriors (Orc:4)
  2 brain worms (Lair:8)
  A giant frog (Lair:4)
  2 orc priests (Orc:4)
  3 orc wizards (Orc:4)
  5 worms (Lair:8)
  A giant eyeball (WizLab)
  9 orcs (Orc:4)
  3 tentacles (Shoals:5)
179 creatures vanquished.

Vanquished Creatures (others)
  A tengu reaver (Depths:5)
  6 Executioners
  A greater naga (Snake:5)
  A draconian scorcher (Zot:1)
  3 cacodemons
  4 balrugs
  A draconian shifter (Zot:1)
  7 blizzard demons
  A dire elephant (Depths:3)
  6 green deaths
  A tengu skeleton (Vaults:5)
  6 drowned souls (Shoals:4)
  2 deep elf priests (Vaults:5)
  A fire drake (Zot:1)
  2 deep elf magi (Vaults:5)
  2 deep elf fighters
  A swamp drake (Zot:1)
  An ogre (Vaults:5)
  4 lost souls (Vaults:5)
  An orc wizard (Orc:3)
  12 fungi
  8 plants
  12 tentacles
  241 tentacle segments
325 creatures vanquished.

Grand Total: 2926 creatures vanquished
